 Dungeon Crawl Stone Soup version 0.28-a0-1184-g53156a8862 (webtiles) character file.

Game seed: 6169302260333300267

105 ytrimaz the Insei (level 4, -8/29 HPs)
             Began as an Octopode Transmuter on Dec 17, 2021.
             Splashed by a jelly's acid (10 damage)
             ... on level 4 of the Dungeon.
             The game lasted 00:02:31 (3746 turns).

ytrimaz the Insei (Octopode Transmuter)             Turns: 3746, Time: 00:02:31

Health: -8/29      AC: -7    Str:  9    XL:     4   Next: 81%
Magic:  7/7        EV: 13    Int: 17    God:
Gold:   132        SH:  0    Dex: 12    Spells: 2/8 levels left

rFire   . . .      SeeInvis .     - Unarmed
rCold   . . .      Faith    .   (no shield)
rNeg    . . .      Spirit   .   (helmet currently unavailable)
rPois   .          Reflect  .   (no amulet)
rElec   .          Harm     .   (no ring)
rCorr   .          Rampage  .   (no ring)
Will    .....                   (no ring)
Stlth   ++........              (no ring)
HPRegen 0.09/turn               (no ring)
MPRegen 0.10/turn               (no ring)
                                (no ring)
                                (no ring)

@: appendages (expiring), corroded
A: tentacle spike 3, almost no armour, amphibious, 8 rings, camouflage 1,
gelatinous body 1, (nimble swimmer 1), tentacles
a: End Transformation


You were on level 4 of the Dungeon.
One of your tentacles had grown a beastly spike.
You visited 1 branch of the dungeon, and saw 4 of its levels.

You collected 132 gold pieces.

Inventory:

Scrolls
 d - a scroll of silence
 f - a scroll of amnesia
Potions
 b - a potion of might
 c - 2 potions of invisibility {unknown}
 e - a potion of heal wounds {unknown}


   Skills:
 * Level 1.7 Fighting
 * Level 2.4 Dodging
 + Level 3.6 Unarmed Combat
 * Level 2.5 Spellcasting
 * Level 3.1 Transmutations
 + Level 0.1 Poison Magic


You had 2 spell levels left.
You knew the following spells:

 Your Spells              Type           Power      Damage    Failure   Level
a - Beastly Appendage     Tmut           24%        N/A       4%          1
b - Wereblood             Tmut           12%        N/A       8%          2
c - Spider Form           Tmut/Pois      7%         N/A       28%         3

Your spell library contained the following spells:

 Spells                   Type           Power      Damage    Failure   Level
 Passwall                 Tmut/Erth      5%         N/A       14%         2
 Magic Dart               Conj           8%         1d3       19%         1
 Shock                    Conj/Air       8%         1d3       19%         1
 Searing Ray              Conj           4%         2d4       28%         2
 Swiftness                Air            2%         N/A       50%         3
 Ice Form                 Ice/Tmut       7%         N/A       67%         4
 Airstrike                Air            1%         N/A       88%         4
 Fulminant Prism          Conj/Hex       1%         3d6       88%         4


Dungeon Overview and Level Annotations

Branches:
Dungeon (4/15)
 Temple: D:4-7

Altars:

Annotations:
D:2 1 runed translucent door, Crazy Yiuf
D:3 2 runed translucent doors, coolguy420's ghost, weakling DECj


Innate Abilities, Weirdness & Mutations

One of your tentacles has grown a beastly spike.
You cannot wear most types of armour.
You are amphibious.
You can wear up to eight rings at the same time.
Your skin changes colour to match your surroundings (Stealth+).
Your rubbery body absorbs attacks. (AC +1, EV +1)
((You are camouflaged near water. (Stealth+)))
You have tentacles for arms and can constrict up to eight enemies at once.


Message History

a +1 dagger of venom; an orc corpse Key pressed, stopping explore.
Things that are here:
a +1 dagger of venom; an orc corpse Your transformation is almost over.
A jelly comes into view.
A jelly is nearby!
A jelly is nearby!
You extend your transformation's duration.
The jelly quivers.
Found a stone staircase leading down.
You tentacle-slap the jelly.
Your tentacles burn!
You pierce the jelly, but do no damage.
The jelly is lightly wounded.
The jelly misses you.
You tentacle-slap the jelly.
Your tentacles burn!
The jelly is moderately wounded.
The jelly closely misses you.
You tentacle-slap the jelly but do no damage.
Your tentacles burn!
The jelly is moderately wounded.
The jelly hits you. The acid corrodes you!
You are splashed with acid!
You tentacle-slap the jelly. The acid corrodes you!
Your tentacles burn!
* * * LOW HITPOINT WARNING * * *
You pierce the jelly, but do no damage.
The jelly is moderately wounded.
The jelly barely misses you.
Unknown command.
An orc comes into view. It is wielding a +0 club.
Your transformation is almost over.
There is a stone staircase leading up here.
You feel better. The jelly hits you.
You are splashed with acid!
* * * LOW HITPOINT WARNING * * *
Unknown command.
Okay, then.
The orc shouts!
The jelly hits you.
* * * LOW HITPOINT WARNING * * *
You are splashed with acid!
You die...

..##..#......######
>......#.####
##...##...######
##...#..)##...## #
#...........##
###o#............#
........<.........#
#####.....J.......#
###....@.....##
##...##...##
##########


You could see a jelly and an orc.

Vanquished Creatures
  A hound skeleton (D:4)
  4 adders
  3 worms (D:2)
  2 dart slugs (D:2)
  An orc (D:4)
  5 ball pythons (D:1)
  3 endoplasms
  A giant cockroach (D:1)
  2 goblins (D:3)
  8 hobgoblins
  5 jackals (D:2)
  2 bats
  3 kobolds
  2 rats (D:1)
42 creatures vanquished.

Notes
Turn   | Place    | Note
-------+----------+-------------------------------------------
     0 | D:1      | ytrimaz the Octopode Transmuter began the quest for the
                  | Orb.
     0 | D:1      | Reached XP level 1. HP: 13/13 MP: 3/3
   405 | D:1      | Reached XP level 2. HP: 11/18 MP: 5/5
   564 | D:1      | Found a faded altar of an unknown god.
   998 | D:2      | Reached XP level 3. HP: 6/23 MP: 4/6
  1002 | D:2      | HP: 1/23 [poisoned by an adder]
  1284 | D:2      | Learned a level 2 spell: Wereblood
  1288 | D:2      | Learned a level 3 spell: Spider Form
  1995 | D:2      | Reached XP level 4. HP: 15/28 MP: 7/7
  2534 | D:2      | Found a runed translucent door.
  2535 | D:2      | Noticed Crazy Yiuf
  3013 | D:3      | Found a large runed translucent door.
  3014 | D:3      | Found a large runed translucent door.
  3016 | D:3      | Noticed coolguy420's ghost (weakling DECj)
  3746 | D:4      | Splashed by a jelly's acid

Illustrated notes

Levels and vault maps discovered:
D:1:      amcnicky_arrival_blooded_trapdoor, layout_basic, serial_corexii_hall,
          corexii_hall_statues_i, corexii_hall_statues_i,
          dreamdust_ecumenical_altar_statues
D:2:      layout_loops_ring, minmay_misc_feat_roman, uniq_crazy_yiuf_cottage
D:3:      layout_rooms, ebering_ghost_disaster_area
D:4:      layout_rooms, ebering_ghost_rock_garden, uniq_duvessa

Skill      XL: |  1  2  3  4 |
---------------+-------------+-----
Transmutations | 3 |  3.1
Fighting       | |  1.7
Dodging        | |  2.4
Unarmed Combat | |  3.6
Spellcasting   | |  2.5
Poison Magic   | |  0.1

Action                   |  1- 3 |  4- 6 || total
-------------------------+-------+-------++-------
Melee: Unarmed           |    82 |    42 ||   124
       Tentacles         |     9 |     5 ||    14
       Constrict         |    11 |    11 ||    22
       Kick              |    12 |    11 ||    23
       Punch             |     2 |     1 ||     3
 Cast: Beastly Appendage |    16 |    10 ||    26
       Spider Form       |     1 |       ||     1
  Use: Scroll            |     6 |     2 ||     8
       Potion            |       |     1 ||     1
 Stab: Sleeping          |     6 |     3 ||     9
       Distracted        |     1 |       ||     1
Armor: Skin              |     4 |     2 ||     6
Dodge: Dodged            |    51 |    27 ||    78

Table legend: (Time is in decaauts)
 A = Elapsed time spent in this place.
 B = Non-inter-level travel time spent in this place.
 C = Inter-level travel time spent in this place.
 D = Time resting spent in this place.
 E = Time spent auto-exploring this place.
 F = Levels seen in this place.
 G = Mean time per level.
                   A        B        C        D        E       F      G
               +--------+--------+--------+--------+--------+-----+--------+
         Total |   3737 |   3671 |     66 |    517 |   2742 |   4 |  934.2 |
       Dungeon |   3737 |   3671 |     66 |    517 |   2742 |   4 |  934.2 |
               +--------+--------+--------+--------+--------+-----+--------+

Top non-repeatable levels by time:
     D:2: 1637 daAuts
     D:1: 964 daAuts
     D:3: 737 daAuts
     D:4: 399 daAuts
